 Dungeon Crawl Stone Soup version 0.27-a0-279-gdfb9265905 (webtiles) character file.

Game seed: 3501540233613651625

24416 HoaS the Cruncher (level 13, -6/66 HPs)
             Began as a Gargoyle Gladiator on Feb 7, 2021.
             Was a High Priest of Okawaru.
             Mangled by a boulder beetle (8 damage)
             ... on level 4 of the Lair of Beasts.
             The game lasted 00:34:12 (16940 turns).

HoaS the Cruncher (Gargoyle Gladiator)             Turns: 16940, Time: 00:34:13

Health: -6/66      AC: 29    Str: 24    XL:     13   Next: 13%
Magic:  19/20      EV: 18    Int: 13    God:    Okawaru [*****.]
Gold:   561        SH:  0    Dex: 23    Spells: 12/12 levels left

rFire    + . .     SeeInvis .   w - +2 quarterstaff (speed)
rCold    . . .     Faith    .   (shield currently unavailable)
rNeg     + . .     Spirit   .   P - quicksilver dragon scales
rPois    ∞         Reflect  .   c - +1 helmet
rElec    +         Harm     .   O - +2 cloak of the Slightly Bent {rF+ Int+4 Dex+4}
rCorr    +         Rampage  .   A - +0 pair of gloves {Str+3}
Will     +....                  C - +1 pair of boots
Stlth    +++.......             (no amulet)
HPRegen  0.21/turn              l - +6 ring of dexterity
MPRegen  0.17/turn              H - ring of resist corrosion

@: heroism
A: negative energy resistance 1, electricity resistance, unbreathing,
petrification resistance, miasma immunity, AC +9
a: Renounce Religion, Heroism, Finesse


You were on level 4 of the Lair of Beasts.
You worshipped Okawaru.
Okawaru was extremely pleased with you.
You visited 3 branches of the dungeon, and saw 15 of its levels.
You also visited: Gauntlet.

You collected 897 gold pieces.
You spent 336 gold pieces at shops.

Inventory:

Hand Weapons
 q - the +8 longbow of Yeast {freeze, rPois Stlth+}
   (Okawaru gifted it to you on level 1 of the Lair of Beasts)

   It causes projectiles fired from it to freeze those they strike, causing
   extra injury to most foes and up to half again as much damage against
   particularly susceptible opponents.
   They can also slow down cold-blooded creatures.
   It protects you from poison.
   It makes you more stealthy.
 w - a +2 quarterstaff of speed (weapon)
Missiles
 d - a throwing net (quivered)
 o - 311 arrows
Armour
 c - a +1 helmet (worn)
 A - a +0 pair of gloves of strength (worn)
 C - a +1 pair of boots (worn)
 I - a +2 cloak of willpower
 O - the +2 cloak of the Slightly Bent (worn) {rF+ Int+4 Dex+4}
   (You found it in a Gauntlet)

   It affects your intelligence (+4).
   It affects your dexterity (+4).
   It protects you from fire.
 P - quicksilver dragon scales (worn)
Jewellery
 j - an uncursed ring of fire
 l - a +6 ring of dexterity (left hand)
 y - an uncursed ring of see invisible
 H - a ring of resist corrosion (right hand)
Wands
 h - a wand of polymorph (11)
 i - a wand of paralysis (13)
 B - a wand of flame (30)
 J - a wand of acid (10)
 K - a wand of random effects (19)
 L - a wand of iceblast (8)
 M - a wand of mindburst (19)
 N - a wand of digging (9)
Scrolls
 e - 2 scrolls of holy word
 p - 4 scrolls of remove curse
 r - 3 scrolls of blinking
 u - 6 scrolls of teleportation
 x - a scroll of enchant weapon
 D - 2 scrolls of enchant armour
 F - 3 scrolls of magic mapping
Potions
 b - a potion of lignification
 f - 3 potions of ambrosia
 g - 3 potions of heal wounds
 k - 4 potions of flight
 m - 11 potions of curing
 s - 5 potions of attraction
 t - a potion of berserk rage
 v - a potion of mutation
 z - a potion of cancellation
 E - 7 potions of haste
 G - 2 potions of might


   Skills:
 - Level 2.1(7.1) Fighting
 - Level 14.0(19.0) Staves
 * Level 13.6(18.6) Bows
 - Level 1.7(6.7) Throwing
 - Level 2.4(7.4) Dodging
 - Level 9.7 Invocations


You had 12 spell levels left.
You didn't know any spells.
Your spell library contained the following spells:

 Spells                   Type           Power        Failure   Level
 Apportation              Tloc           0%           43%         1
 Foxfire                  Conj/Fire      0%           43%         1
 Magic Dart               Conj           0%           43%         1
 Ensorcelled Hibernation  Hex/Ice        0%           56%         2
 Searing Ray              Conj           0%           56%         2
 Conjure Flame            Conj/Fire      0%           80%         3
 Dazzling Flash           Conj/Hex       0%           80%         3
 Inner Flame              Hex/Fire       0%           80%         3
 Lesser Beckoning         Tloc           0%           80%         3
 Portal Projectile        Hex/Tloc       0%           80%         3
 Teleport Other           Tloc           0%           80%         3
 Tukima's Dance           Hex            0%           80%         3
 Fulminant Prism          Conj/Hex       0%           99%         4
 Hailstorm                Conj/Ice       0%           99%         4
 Iskenderun's Mystic Bla  Conj/Tloc      0%           99%         4
 Passage of Golubria      Tloc           N/A          99%         4
 Sticky Flame             Conj/Fire      0%           99%         4
 Alistair's Intoxication  Tmut/Pois      0%           100%        5
 Fireball                 Conj/Fire      0%           100%        5
 Lee's Rapid Deconstruct  Erth           0%           100%        5
 Summon Forest            Summ/Tloc      0%           100%        5
 Invisibility             Hex            0%           100%        6
 Simulacrum               Ice/Necr       0%           100%        6
 Chain Lightning          Conj/Air       0%           100%        8
 Lehudib's Crystal Spear  Conj/Erth      0%           100%        8
 Absolute Zero            Ice            0%           100%        9
 Fire Storm               Conj/Fire      0%           100%        9
 Shatter                  Erth           0%           100%        9


Dungeon Overview and Level Annotations

Branches:
Dungeon (10/15)            Temple (1/1) D:5            Lair (4/6) D:10
 Spider (0/4) Lair:2      Gauntlet (visited)
  Swamp: Lair:2-4    Shoals: Lair:2-4       Orc: D:9-12

Altars:
Ashenzari
Cheibriados
Dithmenos
Elyvilon
Fedhas
Gozag
Hepliaklqana
Kikubaaqudgha
Makhleb
Nemelex Xobeh
Okawaru
Qazlal
Ru
Sif Muna
Trog
Uskayaw
Vehumet
Wu Jian
Xom
Yredelemnul
Zin
The Shining One

Shops:
D:5 (

Annotations:
D:8 Prince Ribbit
Lair:1 2 transporters


Innate Abilities, Weirdness & Mutations

You are resistant to torment.
Your stone body is resilient. (AC +9)
You are immune to poison.
You resist negative energy. (rN+)
You are resistant to electric shocks. (rElec)
You can survive without breathing.
You are immune to petrification.
You are immune to miasma.


Message History

The boulder beetle bites you!
You hit the boulder beetle but do no damage.
The boulder beetle is severely wounded.
You hit the boulder beetle but do no damage.
The boulder beetle is severely wounded.
The boulder beetle leaps!
The boulder beetle curls into a ball and begins rolling!
You hit the boulder beetle.
The boulder beetle is severely wounded.
The boulder beetle hits you!!
* * * LOW HITPOINT WARNING * * *
The boulder beetle stops rolling and uncurls.
You hit the boulder beetle but do no damage.
The boulder beetle is severely wounded.
You hit the boulder beetle but do no damage.
The boulder beetle is severely wounded.
You completely miss the boulder beetle.
The boulder beetle is severely wounded.
The boulder beetle bites you!
You die...

. ...... .. .....P
..# ...... ### ###..#
......### #.##....#.#
##......###........##
#............<......#
#.(.................P
..((.(....@B.........
..##.#####.P....?....
##..........
#..........
#..........
...........
.......... .......


You could see a boulder beetle.

Vanquished Creatures
  Gastronok (Lair:2)
  A minotaur (Gauntlet)
  2 hydras
  A catoblepas (Lair:3)
  A two-headed ogre (D:10)
  A hell hog (Gauntlet)
  An ugly thing (D:10)
  An oklob plant (Lair:1)
  3 black mambas
  A centaur skeleton (D:10)
  A cane toad (Lair:3)
  Maggie (D:7)
  2 rime drakes
  3 komodo dragons
  A queen bee (Lair:2)
  2 hornets
  5 blink frogs (Lair:1)
  A raiju (Gauntlet)
  A wyvern (D:10)
  4 fire bats (Gauntlet)
  A ynoxinul (Gauntlet)
  12 yaks
  Eustachio (D:6)
  2 steam dragons
  Edmund (Temple)
  7 water moccasins
  A hell hound (Gauntlet)
  2 orc warriors
  6 ice beasts
  5 black bears
  2 sky beasts (D:5)
  40 wolves
  2 ogres
  6 centaurs
  A phantom (D:5)
  2 big kobolds
  13 bullfrogs
  A wyvern zombie (D:10)
  A water moccasin skeleton (D:5)
  12 scorpions
  19 killer bees (Lair:2)
  An electric eel (Lair:3)
  5 wights (D:9)
  A crimson imp (D:4)
  4 centaur zombies
  A bullfrog zombie (D:7)
  4 hounds
  Crazy Yiuf (D:7)
  An orc priest (D:5)
  A jelly (D:7)
  2 iron imps (Gauntlet)
  2 iguanas
  3 orc wizards
  10 worker ants
  Natasha (thrice) (D:2)
  A hound zombie (D:6)
  A hound skeleton (D:5)
  15 adders
  2 shadow imps
  3 ufetubi
  2 oozes
  2 adder skeletons
  7 worms
  2 dart slugs
  4 leopard geckos
  10 orcs
  5 giant cockroaches
  3 goblins
  6 hobgoblins
  12 jackals
  4 quokkas
  13 bats
  2 frilled lizards
  12 kobolds
  5 rats
321 creatures vanquished.

Vanquished Creatures (others)
  An orc wizard (D:7)
  22 fungi
  23 plants
46 creatures vanquished.

Grand Total: 367 creatures vanquished

Notes
Turn   | Place    | Note
-------+----------+-------------------------------------------
     0 | D:1      | HoaS the Gargoyle Gladiator began the quest for the Orb.
     0 | D:1      | Reached XP level 1. HP: 12/12 MP: 1/1
   834 | D:2      | Reached XP level 2. HP: 9/17 MP: 2/2
  1059 | D:2      | Reached skill level 1 in Bows
  1094 | D:2      | Reached skill level 4 in Staves
  1094 | D:2      | Reached XP level 3. HP: 18/21 MP: 3/3
  1375 | D:2      | Noticed Natasha
  1380 | D:2      | Killed Natasha
  1381 | D:2      | Reached XP level 4. HP: 26/26 MP: 4/4
  1695 | D:2      | Reached skill level 5 in Staves
  1841 | D:2      | Noticed Natasha
  1852 | D:2      | Killed Natasha
  1853 | D:2      | Reached XP level 5. HP: 23/30 MP: 5/5
  1954 | D:2      | Noticed Natasha
  1966 | D:2      | Killed Natasha
  2017 | D:2      | Found a shimmering altar of Xom.
  2430 | D:3      | Reached skill level 6 in Staves
  2721 | D:3      | Reached XP level 6. HP: 35/35 MP: 6/6
  3562 | D:4      | Found an ornate altar of the Wu Jian Council.
  3692 | D:4      | Reached skill level 7 in Staves
  4216 | D:4      | Found a burning altar of Makhleb.
  4281 | D:4      | Found a burning altar of Makhleb.
  4282 | D:4      | Found a radiant altar of Vehumet.
  4293 | D:4      | Reached XP level 7. HP: 40/40 MP: 7/7
  4476 | D:5      | Entered Level 5 of the Dungeon
  4504 | D:5      | Found a staircase to the Ecumenical Temple.
  4765 | Temple   | Entered the Ecumenical Temple
  4967 | Temple   | Became a worshipper of Warmaster Okawaru
  5002 | D:5      | Noticed Edmund
  5093 | Temple   | Reached skill level 8 in Staves
  5136 | Temple   | Killed Edmund
  5384 | D:5      | Reached skill level 9 in Staves
  5384 | D:5      | Reached XP level 8. HP: 44/44 MP: 8/8
  5440 | D:5      | Reached * piety under Okawaru
  5495 | D:5      | Found a shimmering blue altar of Sif Muna.
  5496 | D:5      | Found Pyipraps's Weapon Boutique.
  5496 | D:5      | Found a white marble altar of Elyvilon.
  5496 | D:5      | Found a hide-covered altar of Uskayaw.
  5746 | D:5      | Reached skill level 10 in Staves
  5809 | D:5      | Reached skill level 1 in Invocations
  6055 | D:5      | Reached ** piety under Okawaru
  6344 | D:5      | Reached XP level 9. HP: 48/48 MP: 9/11
  6439 | D:6      | Found a shadowy altar of Dithmenos.
  6480 | D:6      | Found a basalt altar of Yredelemnul.
  6494 | D:6      | Reached skill level 11 in Staves
  6816 | D:6      | Noticed Eustachio
  6830 | D:6      | Killed Eustachio
  7475 | D:7      | Found an opulent altar of Gozag.
  7669 | D:7      | You fall into a shaft and drop 1 floor!
  7976 | D:8      | Reached skill level 12 in Staves
  8127 | D:5      | Bought a +2 quarterstaff of speed for 336 gold pieces
  8447 | D:7      | Reached *** piety under Okawaru
  8519 | D:7      | Noticed Maggie
  8539 | D:7      | Killed Maggie
  8540 | D:7      | Reached skill level 13 in Staves
  8540 | D:7      | Reached XP level 10. HP: 49/53 MP: 12/12
  8702 | D:7      | Found a runed translucent door.
  8703 | D:7      | Noticed Crazy Yiuf
  8835 | D:7      | Killed Crazy Yiuf
  9147 | D:8      | Noticed Prince Ribbit
  9313 | D:8      | Found a burning altar of Makhleb.
  9653 | D:9      | Reached **** piety under Okawaru
  9654 | D:9      | Reached skill level 14 in Staves
 10216 | D:9      | Found a sparkling altar of Nemelex Xobeh.
 10289 | D:10     | Entered Level 10 of the Dungeon
 10346 | D:10     | Reached skill level 5 in Bows
 10410 | D:10     | Received a gift from Okawaru
 10540 | D:10     | Noticed a two-headed ogre
 10549 | D:10     | Killed a two-headed ogre
 10549 | D:10     | Received a gift from Okawaru
 10887 | D:10     | Noticed a four-headed hydra
 10901 | D:10     | Killed a four-headed hydra
 10901 | D:10     | Reached ***** piety under Okawaru
 10901 | D:10     | Received a gift from Okawaru
 10902 | D:10     | Reached XP level 11. HP: 35/57 MP: 13/13
 11265 | D:10     | Noticed a white ugly thing
 11290 | D:10     | Killed a white ugly thing
 11628 | D:10     | Found a staircase to the Lair.
 11780 | Lair:1   | Entered Level 1 of the Lair of Beasts
 11916 | Lair:1   | Found a shimmering altar of Xom.
 11916 | Lair:1   | Noticed an oklob plant
 11946 | Lair:1   | Killed an oklob plant
 12127 | Lair:1   | Received a gift from Okawaru
 12262 | Lair:1   | Noticed a four-headed hydra
 12279 | Lair:1   | Killed a four-headed hydra
 12280 | Lair:1   | Reached skill level 5 in Invocations
 12513 | Lair:1   | Received a gift from Okawaru
 12523 | Lair:1   | Reached skill level 10 in Bows
 12535 | Lair:1   | Got a bone longbow {god gift}
 12536 | Lair:1   | Identified the +8 longbow of Yeast {freeze, rPois Stlth+}
                  | (Okawaru gifted it to you on level 1 of the Lair of Beasts)
 12702 | Lair:1   | Found a transporter.
 13018 | Lair:1   | Found a transporter.
 13355 | Lair:1   | Noticed a boulder beetle
 13508 | Lair:2   | Reached XP level 12. HP: 45/62 MP: 16/16
 13980 | Lair:2   | Received a gift from Okawaru
 14067 | Lair:2   | Reached ****** piety under Okawaru
 14359 | Lair:2   | Noticed Gastronok
 14374 | Lair:2   | Killed Gastronok
 14374 | Lair:2   | Received a gift from Okawaru
 14598 | Lair:2   | Received a gift from Okawaru
 14603 | Lair:2   | Got a slimy ring mail {god gift}
 14614 | Lair:2   | Identified the +1 ring mail of Tulips {Slay+2} (Okawaru
                  | gifted it to you on level 2 of the Lair of Beasts)
 14637 | Lair:2   | Found a hole to the Spider Nest.
 15397 | Lair:3   | Noticed a catoblepas
 15416 | Lair:3   | Killed a catoblepas
 15424 | Lair:3   | Found a gate leading to a gauntlet.
 15434 | Gauntlet | Entered a Gauntlet
 15434 | Gauntlet | Found a transporter.
 15434 | Gauntlet | Found a transporter.
 15434 | Gauntlet | Found a transporter.
 15435 | Gauntlet | Found a transporter.
 15439 | Gauntlet | Found a transporter.
 15440 | Gauntlet | Found a transporter.
 15445 | Gauntlet | Noticed a tengu warrior
 15447 | Gauntlet | Found a transporter.
 15448 | Gauntlet | Found a transporter.
 15449 | Gauntlet | Found a transporter.
 15450 | Gauntlet | Found a transporter.
 15454 | Gauntlet | Found a runed translucent door.
 15454 | Gauntlet | Found a runed translucent door.
 15455 | Gauntlet | Noticed a ghost crab
 15458 | Gauntlet | Found a transporter.
 15470 | Gauntlet | Found a transporter.
 15476 | Gauntlet | Noticed a hell hog
 15540 | Gauntlet | Found a runed translucent door.
 15837 | Gauntlet | Got an ichor-stained cloak
 15838 | Gauntlet | Identified the +2 cloak of the Slightly Bent {rF+ Int+4
                  | Dex+4} (You found it in a Gauntlet)
 15863 | Gauntlet | Killed a hell hog
 15922 | Gauntlet | Got a brightly glowing bronze ring
 15923 | Gauntlet | Identified the ring of Pihogak {+Inv rPois Will+ Dex-5
                  | Stlth+} (You found it in a Gauntlet)
 16066 | Gauntlet | Identified the +10 bardiche of Hoesiuw {elec, +Rage MP+9}
 16066 | Gauntlet | Noticed a minotaur
 16096 | Gauntlet | Killed a minotaur
 16097 | Gauntlet | Reached XP level 13. HP: 32/66 MP: 12/20
 16272 | Gauntlet | Identified Meduxt's Papyrus of the Rocks and Dislocation
 16275 | Gauntlet | Identified the Disquisition on Snow
 16937 | Lair:4   | HP: 2/66 [boulder beetle (18)]
 16940 | Lair:4   | Mangled by a boulder beetle

Illustrated notes

Levels and vault maps discovered:
D:1:      minmay_arrival_wavy_path, layout_basic, minmay_misc_feat_nine_boxes
D:2:      layout_loops_ring, nicolae_overflow_hidden_temple, uniq_natasha
D:3:      layout_basic
D:4:      layout_basic, grunt_temple_overflow_lords_of_destruction,
          nicolae_overflow_crystal_walls, amcnicky_mini_rare_corridor_liquid,
          makhleb_heckhound_becter
D:5:      old_forge, layout_rooms, gammafunk_temple_overflow_forgotten,
          minmay_temple_entry_proselytizer, serial_shops, shop,
          hangedman_abyss_or_decor_stagger, minivault_23, roderic_lattice_a,
          st_stairs_4, minivault_14, serial_park_tiny_2, uniq_edmund
D:6:      layout_cave_pods, yredelemnul_altar_generic,
          chequers_serial_rivers_marsh, fountainhead, grunt_dithmenos_smoke,
          uniq_eustachio
D:7:      kennysheep_windowed_halls, layout_loops_ring, grunt_gozag_statues,
          grunt_decor_fettered, minivault_26, uniq_crazy_yiuf_cottage,
          uniq_maggie
D:8:      layout_basic, basic_altar, uniq_prince_ribbit1
D:9:      layout_small_grid, nemelex_diamond_rough_becter
D:10:     layout_basic, grunt_lair_entry_orc_guard_hut, serial_corexii_hall,
          corexii_hall_statues_l, chequers_hall_statues_y
Temple:   nicolae_temple_figure_eight
Lair:1:   gammafunk_boulding_lane, layout_layer_cave, lemuel_oklob_altar
Lair:2:   layout_misc_corridors, nicolae_spider_entry_non_spiders, special_room
          [special_room_bee], grunt_forest_stairs_basic, st_stairs_12,
          chequers_serial_rivers_small_3, grunt_forest_large_clearings,
          uniq_gastronok
Lair:3:   layout_long_grid, gauntlet_entry_generic, serial_bayou_shore_a,
          serial_bayou_shore_b, lemuel_fruit_fields
Lair:4:   layout_layer_cave, minmay_swamp_entry_wisps,
          infiniplex_staircase_pool, grunt_megastairs_3

Skill      XL: |  1  2  3  4  5  6  7  8  9 10 11 12 |
---------------+-------------------------------------+-----
Bows           | 1 2 7 10 13 | 13.6
Staves         | 4 5 6 7 9 10 13 14 | 14.0
Invocations    | 2 3 6 9 |  9.7
Fighting       | |  2.1
Throwing       | |  1.7
Dodging        | |  2.4

Action                   |  1- 3 |  4- 6 |  7- 9 | 10-12 | 13-15 || total
-------------------------+-------+-------+-------+-------+-------++-------
Melee: Quarterstaff      |    70 |   231 |   401 |  1202 |    78 ||  1982
 Fire: Longbow           |       |       |       |    13 |     5 ||    18
Throw: Throwing net      |       |       |     3 |     2 |       ||     5
Invok: Heroism           |       |       |       |     7 |     1 ||     8
       Finesse           |       |       |       |     2 |       ||     2
Evoke: Wand              |       |       |       |     2 |       ||     2
  Use: Scroll            |     7 |    13 |     5 |    12 |       ||    37
 Stab: Held in net/web   |       |       |     2 |     7 |       ||     9
Armor: Leather armour    |    33 |    32 |       |       |       ||    65
       Chain mail        |       |    80 |   172 |       |       ||   252
       Plate armour      |       |       |    50 |   493 |       ||   543
       Ring mail         |       |       |       |    11 |       ||    11
       Quicksilver drago |       |       |       |       |    16 ||    16
Dodge: Dodged            |    48 |   111 |   124 |   207 |    17 ||   507

Table legend: (Time is in decaauts)
 A = Elapsed time spent in this place.
 B = Non-inter-level travel time spent in this place.
 C = Inter-level travel time spent in this place.
 D = Time resting spent in this place.
 E = Time spent auto-exploring this place.
 F = Levels seen in this place.
 G = Mean time per level.
                   A        B        C        D        E       F      G
               +--------+--------+--------+--------+--------+-----+--------+
         Total |  16058 |  15228 |    830 |   2983 |   9692 |  16 | 1003.6 |
       Dungeon |  10924 |  10210 |    714 |   1418 |   7243 |  10 | 1092.4 |
        Temple |    554 |    512 |     42 |    258 |    189 |   1 |  554.0 |
          Lair |   3775 |   3702 |     73 |    978 |   2078 |   4 |  943.8 |
      Gauntlet |    805 |    805 |      0 |    329 |    182 |   1 |  805.0 |
               +--------+--------+--------+--------+--------+-----+--------+

Top non-repeatable levels by time:
  Lair:2: 1635 daAuts
  Lair:1: 1509 daAuts
    D:10: 1404 daAuts
     D:5: 1360 daAuts
     D:2: 1316 daAuts
     D:3: 1219 daAuts
     D:4: 1137 daAuts
     D:7: 1127 daAuts
     D:8: 1011 daAuts
     D:6: 864 daAuts
     D:1: 828 daAuts
Gauntlet: 805 daAuts
     D:9: 655 daAuts
  Lair:3: 604 daAuts
  Temple: 554 daAuts
